 Dungeon Crawl Stone Soup version 0.29-a0-266-gf56f883ddd (webtiles) character file.

Game seed: 1962458618139764206

74 sokol815 the Sneak (level 4, -2/26 HPs)
             Began as a Kobold Brigand on Mar 7, 2022.
             Slain by a scorpion (4 damage)
             ... on level 3 of the Dungeon.
             The game lasted 00:04:06 (2767 turns).

sokol815 the Sneak (Kobold Brigand)                 Turns: 2767, Time: 00:04:06

Health: -2/26      AC:  4    Str:  8    XL:     4   Next: 54%
Magic:  4/4        EV: 14    Int: 12    God:
Gold:   159        SH:  0    Dex: 18    Spells: 3/3 levels left

rFire   + . .      SeeInvis .   a - +3 dagger
rCold   x . .      Faith    .   (no shield)
rNeg    . . .      Spirit   .   b - +0 robe
rPois   .          Reflect  .   (no helmet)
rElec   .          Harm     .   c - +0 cloak
rCorr   .          Rampage  .   n - +0 pair of gloves
Will    .....                   (no boots)
Stlth   +++++.....              j - amulet of the acrobat
HPRegen 0.08/turn               f - ring of fire {rF+, rC-}
MPRegen 0.09/turn               (no ring)

@: brilliant
A: small, no large weapons, nightstalker 3, claws 1
a: no special abilities


You were on level 3 of the Dungeon.
You visited 1 branch of the dungeon, and saw 3 of its levels.

You collected 159 gold pieces.

Inventory:

Hand Weapons
 a - a +3 dagger (weapon)
 u - a +0 war axe
   (You took it off an orc on level 3 of the Dungeon)
Missiles
 d - 9 poisoned darts
 e - 3 curare-tipped darts
 s - 38 stones
Armour
 b - a +0 robe (worn)
 c - a +0 cloak (worn)
 n - a +0 pair of gloves (worn)
   (You found it on level 2 of the Dungeon)
Jewellery
 f - a ring of fire (left hand) {rF+, rC-}
   (You found it on level 2 of the Dungeon)
 j - an amulet of the acrobat (around neck)
   (You found it on level 1 of the Dungeon)
 o - an amulet of reflection
   (You found it on level 2 of the Dungeon)
Scrolls
 h - 2 scrolls of identify {unknown}
 i - a scroll of vulnerability {unknown}
 k - a scroll of summoning {unknown}
 l - a scroll of holy word {unknown}
 p - a scroll of enchant weapon
 t - a scroll of amnesia {unknown}
 O - a scroll of silence
Potions
 r - a potion of might {unknown}
 J - a potion of curing {@q1}


   Skills:
 - Level 2.1 Fighting
 + Level 4.0 Short Blades
 - Level 2.1 Throwing
 - Level 1.2 Dodging
 * Level 7.1 Stealth


You had 3 spell levels left.
You didn't know any spells.
Your spell library contained the following spells:

 Spells                   Type           Power      Damage    Failure   Level
 Dispersal                Tloc           0%         N/A       100%        6
 Disjunction              Tloc           0%         N/A       100%        8


Dungeon Overview and Level Annotations

Branches:
Dungeon (3/15)

Altars:


Innate Abilities, Weirdness & Mutations

You are small and have problems with some larger weapons.
You are completely attuned to the shadows.
You have sharp fingernails.


Message History

There is an escape hatch in the floor here.
The helpless orc fails to defend itself.
You perforate the orc like a sieve!!!
You kill the orc!
No target in view!
Things that are here:
a +0 club; an orc corpse
There is an escape hatch in the floor here.
You now have 148 gold pieces (gained 5).
You now have 159 gold pieces (gained 11).
p - 2 scrolls labelled XENEDY ZUHEOPS (gained 1)
Found a stone staircase leading down.
Okay, then.
There is a stone staircase leading down here.
You see here a +0 long sword.
A ball python comes into view.
The helpless ball python fails to defend itself.
You spit the ball python like a pig!!!
You kill the ball python!
No target in view!
An orc comes into view. It is wielding a +0 war axe.
A rat comes into view.
The orc completely misses you. The orc attacks as you move away!
The orc misses you.
You hit the orc. The orc hits you with a +0 war axe!
You take 9 damage, and have 17/26 hp.
MASSIVE DAMAGE!!
You hit the orc. The orc barely misses you.
You hit the orc but do no damage. You hit the orc.
You kill the orc!
Your Short Blades skill increases to level 4!
You hit the rat.
You kill the rat!
You see here a +0 war axe.
u - a +0 war axe You start resting.
An adder comes into view.
An adder is nearby!
An endoplasm comes into view.
An endoplasm is nearby!
The helpless endoplasm fails to defend itself.
You spit the endoplasm like a pig!!!
You kill the endoplasm!
You start resting.
An adder is nearby!
A scorpion comes into view.
The scorpion misses you. The scorpion completely misses you.
An adder comes into view.
The scorpion attacks as you move away! The scorpion misses you.
The scorpion attacks as you move away! The scorpion completely misses you.
The scorpion attacks as you move away! The scorpion stings you!
The scorpion completely misses you.
You take 7 damage, and have 14/26 hp.
MASSIVE DAMAGE!!
The scorpion attacks as you move away! The scorpion completely misses you.
The scorpion barely misses you. The scorpion attacks as you move away!
The scorpion completely misses you. The scorpion attacks as you move away!
The scorpion completely misses you. The scorpion attacks as you move away!
The scorpion completely misses you. The scorpion completely misses you.
The scorpion attacks as you move away! The scorpion completely misses you.
The scorpion attacks as you move away! The scorpion stings you.
You are poisoned.
The scorpion poisons you!
You feel sick.
You take 7 damage, and have 8/26 hp.
MASSIVE DAMAGE!!
It was a potion of curing.
You feel better.
J - a potion of curing The scorpion stings you.
You are poisoned.
The scorpion poisons you! The scorpion closely misses you.
You regained 5 hp, and now have 13/26 hp.
As you read the scroll labelled XENEDY ZUHEOPS, it crumbles to dust.
It is a scroll of enchant weapon.
Your +2 dagger glows red for a moment.
You feel sick. The scorpion barely misses you.
You take 2 damage, and have 11/26 hp.
You feel sick.
You take 2 damage, and have 9/26 hp.
The scorpion attacks as you move away! The scorpion misses you.
You feel sick.
You take 1 damage, and have 8/26 hp.
You feel sick.
You feel sick. The scorpion completely misses you.
You take 1 damage, and have 7/26 hp.
The scorpion attacks as you move away! The scorpion completely misses you.
You feel sick.
You take 1 damage, and have 6/26 hp.
It was a potion of mutation.
You feel extremely strange.
Your fingernails lengthen.
You feel sick. The scorpion stings you.
* * * LOW HITPOINT WARNING * * *
You take 3 damage, and have 3/26 hp.
It was a potion of brilliance.
You feel clever all of a sudden.
You feel sick.
You are no longer poisoned.
The scorpion stings you.
You die...

.##.## #.#...>#####
.....#####.##.#.#
......>....##.#.#
....)####..##.#.#
#.###..####..##.#.#
#.#
#.............###
### #.#
#..####..........#
..# #.#
#...........####.#
#.#####
##.####@####.#####
# ......#
##.#.###s# #.
#.###.###.###.##.#
#.# #.#..## ##...#
#.# #.#.#.###.####
..# #......#.##
..###.###.#.##
......# #.#.#
..###.###...#


You could see a scorpion.

Vanquished Creatures
  2 adders (D:2)
  2 worms (D:2)
  A dart slug (D:1)
  3 orcs
  2 bats (D:1)
  5 endoplasms
  A giant cockroach (D:1)
  6 goblins
  4 hobgoblins
  7 ball pythons
  5 frilled lizards
  2 kobolds (D:1)
  7 rats
47 creatures vanquished.

Notes
Turn   | Place    | Note
-------+----------+-------------------------------------------
     0 | D:1      | sokol815 the Kobold Brigand began the quest for the Orb.
     0 | D:1      | Reached XP level 1. HP: 12/12 MP: 1/1
   265 | D:1      | Reached skill level 3 in Short Blades
   265 | D:1      | Reached XP level 2. HP: 17/17 MP: 2/2
   709 | D:1      | Reached skill level 6 in Stealth
  1557 | D:2      | Reached XP level 3. HP: 10/21 MP: 3/3
  2096 | D:2      | Reached XP level 4. HP: 26/26 MP: 4/4
  2313 | D:2      | Reached skill level 7 in Stealth
  2700 | D:3      | Reached skill level 4 in Short Blades
  2736 | D:3      | Noticed a scorpion
  2765 | D:3      | HP: 6/26 [poisoned by a scorpion]
  2766 | D:3      | Gained mutation: You have sharp fingernails. [potion of
                  | mutation]
  2767 | D:3      | HP: 2/26 [poisoned by a scorpion]
  2767 | D:3      | Slain by a scorpion

Illustrated notes

Levels and vault maps discovered:
D:1:      eino_arrival_water_star, layout_loops_corners
D:2:      layout_basic
D:3:      layout_loops_ring, uniq_crazy_yiuf_cottage, uniq_sigmund

Skill      XL: |  1  2  3  4 |
---------------+-------------+-----
Short Blades   | 3 4 |  4.0
Stealth        | 6 7 |  7.1
Fighting       | |  2.1
Throwing       | |  2.1
Dodging        | |  1.2

Action                   |  1- 3 |  4- 6 || total
-------------------------+-------+-------++-------
Melee: Dagger            |    87 |    40 ||   127
       Punch             |     1 |       ||     1
Throw: Stone             |     2 |       ||     2
  Use: Scroll            |     1 |     1 ||     2
       Potion            |       |     3 ||     3
 Stab: Sleeping          |    21 |     6 ||    27
Armor: Robe              |     4 |     8 ||    12
Dodge: Dodged            |    34 |    40 ||    74

Table legend: (Time is in decaauts)
 A = Elapsed time spent in this place.
 B = Non-inter-level travel time spent in this place.
 C = Inter-level travel time spent in this place.
 D = Time resting spent in this place.
 E = Time spent auto-exploring this place.
 F = Levels seen in this place.
 G = Mean time per level.
                   A        B        C        D        E       F      G
               +--------+--------+--------+--------+--------+-----+--------+
         Total |   2745 |   2692 |     53 |    717 |   1611 |   3 |  915.0 |
       Dungeon |   2745 |   2692 |     53 |    717 |   1611 |   3 |  915.0 |
               +--------+--------+--------+--------+--------+-----+--------+

Top non-repeatable levels by time:
     D:1: 1405 daAuts
     D:2: 1157 daAuts
     D:3: 182 daAuts

Table legend:
 A = Kills in this place as a percentage of kills in entire the game.
 B = Kills by you in this place as a percentage of kills by you in the entire game.
 C = Kills by friends in this place as a percentage of kills by friends in the entire game.
 D = Other kills in this place as a percentage of other kills in the entire game.
 E = Experience gained in this place as a percentage of experience gained in the entire game.
 F = Experience gained in this place divided by the number of levels of this place that you have seen.
                   A       B       C       D       E      F
               +-------+-------+-------+-------+-------+----------------------
         Total | 100.0 | 100.0 |   N/A |   N/A | 100.0 |  35.7
       Dungeon | 100.0 | 100.0 |   N/A |   N/A | 100.0 |  35.7
               +-------+-------+-------+-------+-------+----------------------
